 Dungeon Crawl Stone Soup version 0.30-a0-1066-g63dfefce0d (webtiles) character file.

Game seed: 9081035846308147550

22 GigaChad the Shield-Bearer (level 3, -3/29 HPs)
             Began as a Formicid Fighter on Apr 12, 2023.
             Killed from afar by Sigmund (10 damage)
             ... with a puff of flame
             ... on level 3 of the Dungeon.
             The game lasted 00:01:46 (1088 turns).

GigaChad the Shield-Bearer (Formicid Fighter)       Turns: 1088, Time: 00:01:47

Health: -3/29      AC: 11    Str: 22    XL:     3   Next: 7%
Magic:  3/3        EV:  6    Int:  7    God:
Gold:   58         SH:  5    Dex: 13    Spells: 2/2 levels left

rFire   . . .      SeeInvis +    a - +0 war axe
rCold   . . .      Faith    .    c - +0 buckler
rNeg    . . .      Spirit   .    m - +0 plate armour
rPois   .          Reflect  .    (helmet unavailable)
rElec   .          Rampage  .    (no cloak)
rCorr   .                        (no gloves)
Will    .....                    (no boots) Stlth
                                 (no amulet)
HPRegen 0.24/turn                (no ring)
MPRegen 0.08/turn                (no ring)

@: no status effects
A: permanent stasis, dig shafts and tunnels, antennae 3, four strong arms
a: Dig, Shaft Self


You were on level 3 of the Dungeon.
You visited 1 branch of the dungeon, and saw 3 of its levels.

You collected 58 gold pieces.

Inventory:

Hand Weapons
 a - a +0 war axe (weapon)
Armour
 b - a +0 scale mail
 c - a +0 buckler (worn)
 m - a +0 plate armour (worn)
Jewellery
 i - a ring of flight
Scrolls
 f - a scroll of identify
 h - a scroll of amnesia
 j - a scroll of fear {unknown}
 k - a scroll of poison {unknown}
 o - a scroll of enchant weapon {unknown}
 p - a scroll of blinking {unknown}
Potions
 d - a potion of might
 e - a potion of resistance {unknown}
 g - 2 potions of curing
 l - a potion of haste {unknown}
 n - a potion of degeneration {unknown}


   Skills:
 * Level 3.5 Fighting
 * Level 2.2 Axes
 * Level 4.0 Armour
 * Level 4.1 Shields


You had 2 spell levels left.
You didn't know any spells.
Your spell library was empty.

Dungeon Overview and Level Annotations

Branches:
Dungeon (3/15)

Altars:

Annotations:
D:3 Sigmund


Innate Abilities, Weirdness & Mutations

You cannot be hasted, slowed, berserked, paralysed or teleported.
You can dig through walls and to a lower floor.
You have a pair of large antennae on your head. (SInv)
Your four strong arms can wield two-handed weapons with a shield.


Message History

Sigmund hits you with a +0 scythe.
You hit Sigmund but do no damage.
Sigmund is moderately wounded.
Sigmund hits you with a +0 scythe.
You hit Sigmund.
Sigmund is heavily wounded.
Sigmund hits you with a +0 scythe.
You hit Sigmund but do no damage.
Sigmund is heavily wounded.
Sigmund hits you but does no damage.
You barely miss Sigmund.
Sigmund is heavily wounded.
Sigmund casts a spell at you. The magic dart hits you!
You closely miss Sigmund.
Sigmund is heavily wounded.
Sigmund hits you but does no damage.
You slash Sigmund!
Sigmund is severely wounded.
Sigmund hits you with a +0 scythe.
* * * LOW HITPOINT WARNING * * *
You completely miss Sigmund.
Sigmund is severely wounded.
Sigmund gestures at you while chanting.
You are confused.
Sigmund completely misses you. Sigmund hits you but does no damage.
You bump into the rock wall.
You closely miss Sigmund.
Sigmund is severely wounded.
Sigmund hits you but does no damage.
You miss Sigmund.
Sigmund is severely wounded.
You feel less confused.
Sigmund points at you and mumbles some strange words.
The magic dart hits you.
* * * LOW HITPOINT WARNING * * *
Sigmund gestures at you while chanting. The puff of flame hits you!
You die...

#. #. .# #.
.# ##.####.
....#..
#.#.#.##
#.#.#..# ###
#.@@#..#.....
#...†<...#
#.######## #.
##


You could see Sigmund (invisible).

Vanquished Creatures
  A worm (D:2)
  3 goblins (D:1)
  5 hobgoblins
  A kobold (D:2)
  4 bats
  2 frilled lizards (D:1)
16 creatures vanquished.

Notes
Turn   | Place    | Note
-------+----------+-------------------------------------------
     0 | D:1      | GigaChad the Formicid Fighter began the quest for the Orb.
     0 | D:1      | Reached XP level 1. HP: 18/18 MP: 1/1
   238 | D:1      | Reached XP level 2. HP: 24/24 MP: 2/2
   699 | D:2      | Reached XP level 3. HP: 22/29 MP: 3/3
  1068 | D:3      | Noticed Sigmund
  1088 | D:3      | Killed from afar by Sigmund

Illustrated notes

Levels and vault maps discovered:
D:1:      dpeg_arrival_simpleton_b, layout_basic, st_stairs_13, hex_medium
D:2:      layout_rooms, chequers_serial_rivers_large_a
D:3:      layout_basic, nicolae_tso_carved_into_rock, serial_park_tiny_pond,
          uniq_sigmund

Skill      XL: |  1  2  3 |
---------------+----------+-----
Armour         | 4 |  4.0
Fighting       | |  3.5
Axes           | |  2.2
Shields        | |  4.1

Action                     || total
---------------------------++-------
  Melee: War axe           ||    59
    Use: Scroll            ||     5
 Armour: Scale mail        ||    21
         Plate armour      ||     8
  Dodge: Dodged            ||    16
  Block: Buckler           ||     6

Table legend: (Time is in decaauts)
 A = Elapsed time spent in this place.
 B = Non-inter-level travel time spent in this place.
 C = Inter-level travel time spent in this place.
 D = Time resting spent in this place.
 E = Time spent auto-exploring this place.
 F = Levels seen in this place.
 G = Mean time per level.
                   A        B        C        D        E       F      G
               +--------+--------+--------+--------+--------+-----+--------+
         Total |   1123 |   1071 |     52 |      0 |    873 |   3 |  374.3 |
       Dungeon |   1123 |   1071 |     52 |      0 |    873 |   3 |  374.3 |
               +--------+--------+--------+--------+--------+-----+--------+

Top non-repeatable levels by time:
     D:2: 571 daAuts
     D:1: 522 daAuts
     D:3: 28 daAuts
